| TOP OF THE 1ST |
|
Columbus Clippers batting - Pitching for Durham Bulls : RHP Bill Alicea
|
|
Pitching: RHP Bill Alicea
|
|
|
Batting: RHB Rafael Medina
|
0-0: Called Strike 0-1: Ball 1-1: Foul Ball, location: 2F 1-2: Strikes out looking
|
|
Batting: RHB Tristan Dennis
|
0-0: Ground out 5-3 (Groundball, 56S, EV 69.4 MPH)
|
|
Batting: RHB Miguel Trevino
|
0-0: Called Strike 0-1: Ball 1-1: Called Strike 1-2: Strikes out swinging
|
| Top of the 1st over - 0 runs, 0 hits, 0 errors, 0 left on base; Columbus 0 - Durham 0 |
| BOTTOM OF THE 1ST |
|
Durham Bulls batting - Pitching for Columbus Clippers : RHP Jon Samer
|
|
Pitching: RHP Jon Samer
|
|
|
Batting: LHB Angel Ruvalcaba
|
0-0: Hit by Pitch
|
|
Batting: LHB Robin More
|
0-0: Ball Angel Ruvalcaba steals 2nd base 1-0: Ball 2-0: Fly out, F7 (Flyball, 78D, EV 93.1 MPH)
|
|
Batting: RHB Eugênio Asceno
|
0-0: Ground out 4-3 (Groundball, 4, EV 88.8 MPH) Angel Ruvalcaba to third
|
|
Batting: RHB Danny Diaz
|
0-0: Called Strike 0-1: Ball 1-1: Fly out, F7 (Flyball, 7D, EV 104.4 MPH)
|
| Bottom of the 1st over - 0 runs, 0 hits, 0 errors, 1 left on base; Columbus 0 - Durham 0 |
| TOP OF THE 2ND |
|
Columbus Clippers batting - Pitching for Durham Bulls : RHP Bill Alicea
|
|
Batting: RHB Jason Savage
|
0-0: Ball 1-0: Ground out 5-3 (Groundball, 56, EV 83.1 MPH)
|
|
Batting: SHB Mike Gross
|
0-0: Ground out 5-3 (Groundball, 56, EV 89.4 MPH)
|
|
Batting: LHB Doug Frampton
|
0-0: Ball 1-0: Called Strike 1-1: Foul Ball, location: 2F 1-2: Foul Ball, location: 2F 1-2: Strikes out swinging
|
| Top of the 2nd over - 0 runs, 0 hits, 0 errors, 0 left on base; Columbus 0 - Durham 0 |
| BOTTOM OF THE 2ND |
|
Durham Bulls batting - Pitching for Columbus Clippers : RHP Jon Samer
|
|
Batting: SHB Ben Pierce
|
0-0: Ball 1-0: Called Strike 1-1: Swinging Strike 1-2: Ball 2-2: TRIPLE (Flyball, 89XD, EV 101.9 MPH)
|
|
Batting: LHB Brian Hollinger
|
0-0: Ball 1-0: Foul Ball, location: 2F 1-1: Called Strike 1-2: Strikes out swinging
|
|
Batting: LHB Danny Hull
|
0-0: Fly out, F6 (Popup, 56D, EV 44.4 MPH)
|
|
Batting: LHB Jeremy Burton
|
0-0: Fly out, F4 (Line Drive, 4, EV 66.9 MPH)
|
| Bottom of the 2nd over - 0 runs, 1 hit, 0 errors, 1 left on base; Columbus 0 - Durham 0 |
| TOP OF THE 3RD |
|
Columbus Clippers batting - Pitching for Durham Bulls : RHP Bill Alicea
|
|
Batting: RHB Chris Folse
|
0-0: Ball 1-0: Foul Ball, location: 2F 1-1: Called Strike 1-2: Ball 2-2: Ball 3-2: Base on Balls
|
|
Batting: SHB Danny Simmons
|
0-0: Ball Chris Folse is caught stealing 2nd base 2-6 1-0: Called Strike 1-1: Called Strike 1-2: Foul Ball, location: 2F 1-2: Ball 2-2: Fly out, F7 (Flyball, 7, EV 93.8 MPH)
|
|
Batting: LHB Jeremy DiGenova
|
0-0: Ball 1-0: Called Strike 1-1: Ball 2-1: Ball 3-1: Called Strike 3-2: SINGLE (Groundball, 4MD, EV 103.1 MPH)
|
|
Batting: RHB Rafael Medina
|
0-0: Foul Ball, location: 2F 0-1: Fielders Choice at 2nd, 5-4 (Groundball, 56, EV 101.3 MPH)
|
| Top of the 3rd over - 0 runs, 1 hit, 0 errors, 1 left on base; Columbus 0 - Durham 0 |
| BOTTOM OF THE 3RD |
|
Durham Bulls batting - Pitching for Columbus Clippers : RHP Jon Samer
|
|
Batting: RHB Dusty Camelli
|
0-0: Hit by Pitch
|
|
Batting: LHB Angel Ruvalcaba
|
0-0: Foul Ball, location: 2F 0-1: SINGLE (Groundball, 3S, EV 60.6 MPH) (infield hit) Dusty Camelli to second
|
|
Batting: LHB Robin More
|
0-0: Ball 1-0: Swinging Strike 1-1: Ball 2-1: Called Strike 2-2: Fly out, F3 (Line Drive, 3, EV 66.9 MPH) Lined into DP, U3 (Line Drive, 3, EV 71.9 MPH)
|
|
Batting: RHB Eugênio Asceno
|
0-0: Foul Ball, location: 2F 0-1: Ball 1-1: Foul Ball, location: 2F 1-2: SINGLE (Groundball, 56D, EV 100.0 MPH) Dusty Camelli to third Runner from 3rd tries for Home, SAFE, throw by LF to home
|
|
Batting: RHB Danny Diaz
|
0-0: Called Strike 0-1: Foul Ball, location: 2F 0-2: SINGLE (Line Drive, 9S, EV 101.9 MPH) Eugênio Asceno to second
|
|
Batting: SHB Ben Pierce
|
0-0: Ball 1-0: Called Strike 1-1: SINGLE (Groundball, 56D, EV 99.4 MPH) Eugênio Asceno to third Danny Diaz to second Runner from 3rd tries for Home, SAFE, throw by LF to home
|
|
Batting: LHB Brian Hollinger
|
0-0: Ball 1-0: Called Strike 1-1: Ball 2-1: Ball 3-1: Called Strike 3-2: Base on Balls Danny Diaz to third Ben Pierce to second
|
|
Batting: LHB Danny Hull
|
0-0: Fly out, F8 (Line Drive, 8LM, EV 107.5 MPH)
|
| Bottom of the 3rd over - 2 runs, 4 hits, 0 errors, 3 left on base; Columbus 0 - Durham 2 |
| TOP OF THE 4TH |
|
Columbus Clippers batting - Pitching for Durham Bulls : RHP Bill Alicea
|
|
Batting: RHB Tristan Dennis
|
0-0: Called Strike 0-1: Ball 1-1: Fly out, F8 (Flyball, 8RM, EV 86.3 MPH)
|
|
Batting: RHB Miguel Trevino
|
0-0: Ball 1-0: Foul Ball, location: 2F 1-1: Ground out 6-3 (Groundball, 6, EV 82.5 MPH)
|
|
Batting: RHB Jason Savage
|
0-0: Called Strike 0-1: Ball 1-1: Ball 2-1: Ball 3-1: Foul Ball, location: 2F 3-2: Foul Ball, location: 2F 3-2: Strikes out looking
|
| Top of the 4th over - 0 runs, 0 hits, 0 errors, 0 left on base; Columbus 0 - Durham 2 |
| BOTTOM OF THE 4TH |
|
Durham Bulls batting - Pitching for Columbus Clippers : RHP Jon Samer
|
|
Batting: LHB Jeremy Burton
|
0-0: Ground out 3-1 (Groundball, 34, EV 87.5 MPH)
|
|
Batting: RHB Dusty Camelli
|
0-0: Called Strike 0-1: Foul Ball, location: 2F 0-2: SINGLE (Groundball, 34D, EV 101.9 MPH)
|
|
Batting: LHB Angel Ruvalcaba
|
0-0: Ball 1-0: SINGLE (Groundball, 4MS, EV 71.9 MPH) (infield hit) Dusty Camelli to second
|
|
Batting: LHB Robin More
|
0-0: Ball 1-0: Ball 2-0: Foul Ball, location: 2F 2-1: Called Strike 2-2: Ball 3-2: Base on Balls Dusty Camelli to third Angel Ruvalcaba to second
|
|
Batting: RHB Eugênio Asceno
|
0-0: Ball 1-0: SINGLE (Groundball, 6D, EV 95.6 MPH) Dusty Camelli scores Angel Ruvalcaba to third Robin More to second Runner from 3rd tries for Home, SAFE, throw by CF to home
|
|
Batting: RHB Danny Diaz
|
0-0: Ball 1-0: Foul Ball, location: 2F 1-1: Ball 2-1: Foul Ball, location: 2F 2-2: Fly out, F8 (Flyball, 8RM, EV 83.8 MPH)
|
|
Batting: SHB Ben Pierce
|
0-0: Called Strike 0-1: Called Strike 0-2: Ball 1-2: Ball 2-2: Fly out, F7 (Line Drive, 7, EV 88.1 MPH)
|
| Bottom of the 4th over - 2 runs, 3 hits, 0 errors, 2 left on base; Columbus 0 - Durham 4 |
| TOP OF THE 5TH |
|
Columbus Clippers batting - Pitching for Durham Bulls : RHP Bill Alicea
|
|
Batting: SHB Mike Gross
|
0-0: Swinging Strike 0-1: Ball 1-1: Ball 2-1: Ground out 4-3 (Groundball, 4, EV 90.0 MPH)
|
|
Batting: LHB Doug Frampton
|
0-0: Ball 1-0: Foul Ball, location: 2F 1-1: SINGLE (Line Drive, 8LS, EV 105.6 MPH)
|
|
Batting: RHB Chris Folse
|
0-0: Ball 1-0: Grounds into double play, 5-4-3 (Groundball, 56, EV 101.9 MPH)
|
| Top of the 5th over - 0 runs, 1 hit, 0 errors, 0 left on base; Columbus 0 - Durham 4 |
| BOTTOM OF THE 5TH |
|
Durham Bulls batting - Pitching for Columbus Clippers : RHP Jon Samer
|
|
Batting: LHB Brian Hollinger
|
0-0: Ball 1-0: Foul Ball, location: 2F 1-1: Fly out, F2 (Popup, 2RF, EV 93.1 MPH)
|
|
Batting: LHB Danny Hull
|
0-0: Ground out U3 (Groundball, 34, EV 106.9 MPH)
|
|
Batting: LHB Jeremy Burton
|
0-0: Ground out 4-3 (Groundball, 34, EV 110.6 MPH)
|
| Bottom of the 5th over - 0 runs, 0 hits, 0 errors, 0 left on base; Columbus 0 - Durham 4 |
| TOP OF THE 6TH |
|
Columbus Clippers batting - Pitching for Durham Bulls : RHP Bill Alicea
|
|
Batting: SHB Danny Simmons
|
0-0: Called Strike 0-1: Ball 1-1: Ball 2-1: Ball 3-1: Base on Balls
|
|
Batting: LHB Jeremy DiGenova
|
0-0: Fly out, F8 (Flyball, 8RD, EV 90.6 MPH)
|
|
Batting: RHB Rafael Medina
|
0-0: Ball Danny Simmons steals 2nd base 1-0: Ball 2-0: Foul Ball, location: 2F 2-1: Foul Ball, location: 2F 2-2: Foul Ball, location: 2F 2-2: Fly out, F9 (Flyball, 89M, EV 91.3 MPH) Runner from 2nd tags up, SAFE at 3rd with throw by RF
|
|
Batting: RHB Tristan Dennis
|
0-0: Called Strike 0-1: Swinging Strike 0-2: Ball 1-2: Ball 2-2: Ground out 6-3 (Groundball, 56, EV 85.0 MPH)
|
| Top of the 6th over - 0 runs, 0 hits, 0 errors, 1 left on base; Columbus 0 - Durham 4 |
| BOTTOM OF THE 6TH |
|
Durham Bulls batting - Pitching for Columbus Clippers : RHP Jon Samer
|
|
Batting: RHB Dusty Camelli
|
0-0: Swinging Strike 0-1: Ground out 6-3 (Groundball, 6, EV 80.6 MPH)
|
|
Batting: LHB Angel Ruvalcaba
|
0-0: Called Strike 0-1: Swinging Strike 0-2: Ball 1-2: Foul Ball, location: 2F 1-2: SINGLE (Line Drive, 78S, EV 100.6 MPH)
|
|
Batting: LHB Robin More
|
0-0: Called Strike 0-1: Ball Angel Ruvalcaba steals 2nd base 1-1: SINGLE (Groundball, 4M, EV 87.5 MPH) (infield hit) Angel Ruvalcaba to third
|
|
Batting: RHB Eugênio Asceno
|
0-0: Swinging Strike 0-1: Foul Ball, location: 2F 0-2: Strikes out swinging
|
|
Batting: RHB Danny Diaz
|
0-0: Called Strike 0-1: Called Strike 0-2: SINGLE (Groundball, 4M, EV 102.5 MPH) (infield hit) Angel Ruvalcaba scores Robin More to second
|
|
Pitching: LHP Eric Larsen
|
|
|
Batting: SHB Ben Pierce
|
0-0: Ball 1-0: Ball 2-0: Called Strike 2-1: Foul Ball, location: 2F 2-2: Strikes out swinging
|
| Bottom of the 6th over - 1 run, 3 hits, 0 errors, 2 left on base; Columbus 0 - Durham 5 |
| TOP OF THE 7TH |
|
Columbus Clippers batting - Pitching for Durham Bulls : RHP Bill Alicea
|
|
Batting: RHB Miguel Trevino
|
0-0: Called Strike 0-1: Foul Ball, location: 2F 0-2: Ball 1-2: Foul Ball, location: 2F 1-2: Foul Ball, location: 2F 1-2: Ground out 6-3 (Groundball, 56, EV 101.9 MPH)
|
|
Batting: RHB Jason Savage
|
0-0: Ball 1-0: Swinging Strike 1-1: Fly out, F6 (Flyball, 56D, EV 89.4 MPH)
|
|
Batting: SHB Mike Gross
|
0-0: Ball 1-0: Ball 2-0: Swinging Strike 2-1: Foul Ball, location: 2F 2-2: Foul Ball, location: 2F 2-2: Ball 3-2: Ground out 4-3 (Groundball, 4, EV 80.0 MPH)
|
| Top of the 7th over - 0 runs, 0 hits, 0 errors, 0 left on base; Columbus 0 - Durham 5 |
| BOTTOM OF THE 7TH |
|
Durham Bulls batting - Pitching for Columbus Clippers : LHP Eric Larsen
|
|
Batting: LHB Brian Hollinger
|
0-0: Ball 1-0: Foul Ball, location: 2F 1-1: Foul Ball, location: 2F 1-2: Strikes out swinging
|
|
Batting: LHB Danny Hull
|
0-0: Ball 1-0: Called Strike 1-1: Fly out, F5 (Line Drive, 5, EV 63.8 MPH)
|
|
Batting: LHB Jeremy Burton
|
0-0: Ball 1-0: Foul Ball, location: 2F 1-1: Ball 2-1: Called Strike 2-2: Foul Ball, location: 2F 2-2: Strikes out swinging
|
| Bottom of the 7th over - 0 runs, 0 hits, 0 errors, 0 left on base; Columbus 0 - Durham 5 |
| TOP OF THE 8TH |
|
Columbus Clippers batting - Pitching for Durham Bulls : RHP Bill Alicea
|
|
Batting: LHB Doug Frampton
|
0-0: Called Strike 0-1: Ball 1-1: Ground out U3 (Groundball, 34, EV 103.1 MPH)
|
|
Batting: RHB Chris Folse
|
0-0: Foul Ball, location: 2F 0-1: Ball 1-1: Hit by Pitch
|
|
Pitching: RHP Cameron Bianchi
|
|
|
Batting: SHB Danny Simmons
|
0-0: Called Strike 0-1: Foul Ball, location: 2F 0-2: Ball 1-2: Strikes out looking
|
|
Batting: LHB Jeremy DiGenova
|
0-0: Fly out, F2 (Popup, 25F, EV 87.5 MPH)
|
| Top of the 8th over - 0 runs, 0 hits, 0 errors, 1 left on base; Columbus 0 - Durham 5 |
| BOTTOM OF THE 8TH |
|
Durham Bulls batting - Pitching for Columbus Clippers : LHP Eric Larsen
|
|
Batting: RHB Dusty Camelli
|
0-0: Ball 1-0: Fly out, F9 (Flyball, 9, EV 95.6 MPH)
|
|
Batting: LHB Angel Ruvalcaba
|
0-0: Called Strike 0-1: Swinging Strike 0-2: Ball 1-2: Foul Ball, location: 2F 1-2: Strikes out swinging
|
|
Batting: LHB Robin More
|
0-0: Called Strike 0-1: Ball 1-1: Called Strike 1-2: Ball 2-2: Ball 3-2: SINGLE (Groundball, 34D, EV 94.4 MPH)
|
|
Batting: RHB Eugênio Asceno
|
0-0: Ball 1-0: Fly out, F8 (Flyball, 78M, EV 90.6 MPH)
|
| Bottom of the 8th over - 0 runs, 1 hit, 0 errors, 1 left on base; Columbus 0 - Durham 5 |
| TOP OF THE 9TH |
|
Columbus Clippers batting - Pitching for Durham Bulls : RHP Cameron Bianchi
|
|
Batting: RHB Rafael Medina
|
0-0: Fly out, F7 (Flyball, 78M, EV 98.1 MPH)
|
|
Batting: RHB Tristan Dennis
|
0-0: Ball 1-0: Ball 2-0: Fly out, F7 (Flyball, 7LD, EV 96.3 MPH)
|
|
Batting: RHB Miguel Trevino
|
0-0: Called Strike 0-1: Ball 1-1: Foul Ball, location: 2F 1-2: Strikes out swinging
|
| Top of the 9th over - 0 runs, 0 hits, 0 errors, 0 left on base; Columbus 0 - Durham 5 |
|